SNL (28 & UNDER)
WEST VIRGINIA POWER @ NEW HAMPSHIRE FISHER CATS
09/28/2025
 
TOP OF THE 1ST
West Virginia Power batting - Pitching for New Hampshire Fisher Cats : RHP Alfredo Montalvo
Pitching: RHP Alfredo Montalvo
Batting: LHB Júlio Martínez 0-0: Ball
1-0: Ball
2-0: SINGLE (Line Drive, 3D)
Batting: LHB Héctor Cruz 0-0: Ball
1-0: Called Strike
1-1: Swinging Strike
1-2: Ball
2-2: Foul Ball, location: 2F
2-2: Strikes out swinging
Batting: RHB Ben Dougherty 0-0: Ball
1-0: Foul Ball, location: 2F
1-1: Called Strike
1-2: Fly out, F4 (Popup, 34D)
Batting: RHB Dave McGrath 0-0: Ball
Júlio Martínez steals 2nd base
1-0: Called Strike
1-1: Fly out, F9 (Line Drive, 89M)
Top of the 1st over - 0 run(s), 1 hit(s), 0 error(s), 1 left on base; West Virginia 0 - New Hampshire 0
BOTTOM OF THE 1ST
New Hampshire Fisher Cats batting - Pitching for West Virginia Power : RHP Anthony Jackson
Pitching: RHP Anthony Jackson
Batting: LHB Wilson Torres 0-0: DOUBLE (Flyball, 8LXD)
Batting: LHB Cam Flowers 0-0: Called Strike
0-1: Ground out 1-3 (Groundball, 13)
Wilson Torres to third
Batting: RHB Felipe Rivas 0-0: Called Strike
0-1: Fly out, F3 (Popup, 3F)
Batting: RHB Benjamin Lawson 0-0: Called Strike
0-1: Ball
1-1: Foul Ball, location: 2F
1-2: Foul Ball, location: 2F
1-2: Foul Ball, location: 2F
1-2: Strikes out swinging
Bottom of the 1st over - 0 run(s), 1 hit(s), 0 error(s), 1 left on base; West Virginia 0 - New Hampshire 0
TOP OF THE 2ND
West Virginia Power batting - Pitching for New Hampshire Fisher Cats : RHP Alfredo Montalvo
Batting: RHB Gonzalo Gil 0-0: Foul Ball, location: 2F
0-1: Ball
1-1: Foul Ball, location: 2F
1-2: Ball
2-2: Foul Ball, location: 2F
2-2: Strikes out swinging
Batting: RHB Jesse McKnight 0-0: Foul Ball, location: 2F
0-1: Foul Ball, location: 2F
0-2: SOLO HOME RUN (Flyball, 9LD), Distance : 359 ft
Batting: RHB Tony Parker 0-0: Called Strike
0-1: Ground out U3 (Groundball, 3S)
Batting: LHB Lúcio Anaya 0-0: Ball
1-0: Ground out 4-3 (Groundball, 4)
Top of the 2nd over - 1 run(s), 1 hit(s), 0 error(s), 0 left on base; West Virginia 1 - New Hampshire 0
BOTTOM OF THE 2ND
New Hampshire Fisher Cats batting - Pitching for West Virginia Power : RHP Anthony Jackson
Batting: LHB Héctor Rentería 0-0: Foul Ball, location: 2F
0-1: Ball
1-1: Ball
2-1: SOLO HOME RUN (Flyball, 89XD), Distance : 407 ft
Batting: LHB Tony Rivera 0-0: Ball
1-0: Foul Ball, location: 2F
1-1: Ball
2-1: Ball
3-1: Foul Ball, location: 2F
3-2: Ground out 4-3 (Groundball, 4)
Batting: RHB Darwin Crane 0-0: Ball
1-0: Foul Ball, location: 2F
1-1: Swinging Strike
1-2: Ball
2-2: Strikes out looking
Batting: RHB Franklin Lawrence 0-0: Fly out, F9 (Flyball, 89D)
Bottom of the 2nd over - 1 run(s), 1 hit(s), 0 error(s), 0 left on base; West Virginia 1 - New Hampshire 1
TOP OF THE 3RD
West Virginia Power batting - Pitching for New Hampshire Fisher Cats : RHP Alfredo Montalvo
Batting: RHB Mike Ingram 0-0: Ball
1-0: Called Strike
1-1: Foul Ball, location: 2F
1-2: SINGLE (Line Drive, 56D)
Batting: LHB Júlio Martínez 0-0: Ball
1-0: Ball
2-0: Swinging Strike
2-1: Foul Ball, location: 2F
2-2: Foul Ball, location: 2F
2-2: SINGLE (Line Drive, 34)
Mike Ingram to second
Runner from 2nd tries for 3rd, SAFE, throw made to third
Batting: LHB Héctor Cruz 0-0: Ball
1-0: Foul Ball, location: 2F
1-1: Foul Ball, location: 2F
1-2: Ball
2-2: Ball
3-2: Strikes out looking
Batting: RHB Ben Dougherty 0-0: Ball
Júlio Martínez is caught stealing 2nd base
1-0: Called Strike
1-1: Swinging Strike
1-2: Strikes out looking
Top of the 3rd over - 0 run(s), 2 hit(s), 0 error(s), 1 left on base; West Virginia 1 - New Hampshire 1
BOTTOM OF THE 3RD
New Hampshire Fisher Cats batting - Pitching for West Virginia Power : RHP Anthony Jackson
Batting: RHB Tim Robertson 0-0: Ball
1-0: Foul Ball, location: 2F
1-1: Ball
2-1: Foul Ball, location: 2F
2-2: Ground out 4-3 (Groundball, 34)
Batting: LHB Wilson Torres 0-0: Called Strike
0-1: Fly out, F7 (Line Drive, 7M)
Batting: LHB Cam Flowers 0-0: Ground out 4-3 (Groundball, 4)
Bottom of the 3rd over - 0 run(s), 0 hit(s), 0 error(s), 0 left on base; West Virginia 1 - New Hampshire 1
TOP OF THE 4TH
West Virginia Power batting - Pitching for New Hampshire Fisher Cats : RHP Alfredo Montalvo
Batting: RHB Dave McGrath 0-0: Ball
1-0: Ball
2-0: Called Strike
2-1: Fly out, F8 (Line Drive, 8LM)
Batting: RHB Gonzalo Gil 0-0: Called Strike
0-1: Ball
1-1: Ground out 4-3 (Groundball, 4M)
Batting: RHB Jesse McKnight 0-0: Ball
1-0: Called Strike
1-1: Called Strike
1-2: Strikes out swinging
Top of the 4th over - 0 run(s), 0 hit(s), 0 error(s), 0 left on base; West Virginia 1 - New Hampshire 1
BOTTOM OF THE 4TH
New Hampshire Fisher Cats batting - Pitching for West Virginia Power : RHP Anthony Jackson
Batting: RHB Felipe Rivas 0-0: Called Strike
0-1: Ball
1-1: Ball
2-1: Called Strike
2-2: Ball
3-2: Foul Ball, location: 2F
3-2: Foul Ball, location: 2F
3-2: Foul Ball, location: 2F
3-2: Ground out 5-3 (Groundball, 56S)
Batting: RHB Benjamin Lawson 0-0: Ball
1-0: Ball
2-0: Foul Ball, location: 2F
2-1: DOUBLE (Flyball, 78M)
Batting: LHB Héctor Rentería 0-0: Called Strike
0-1: Foul Ball, location: 2F
0-2: Ball
1-2: Ball
2-2: Foul Ball, location: 2F
2-2: Fly out, F9 (Flyball, 89D)
Runner from 2nd tags up, SAFE at 3rd, no throw
Batting: LHB Tony Rivera 0-0: Called Strike
0-1: Ball
1-1: Swinging Strike
1-2: Foul Ball, location: 2F
1-2: Ball
2-2: Ball
3-2: Base on Balls
Batting: RHB Darwin Crane 0-0: SINGLE (Line Drive, 78S)
Benjamin Lawson scores
Tony Rivera to second
Batting: RHB Franklin Lawrence 0-0: Called Strike
0-1: Ground out 6-3 (Groundball, 6)
Bottom of the 4th over - 1 run(s), 2 hit(s), 0 error(s), 2 left on base; West Virginia 1 - New Hampshire 2
TOP OF THE 5TH
West Virginia Power batting - Pitching for New Hampshire Fisher Cats : RHP Alfredo Montalvo
Batting: RHB Tony Parker 0-0: Called Strike
0-1: Called Strike
0-2: Ball
1-2: Ball
2-2: Strikes out swinging
Batting: LHB Lúcio Anaya 0-0: Ground out 3-1 (Groundball, 3L)
Batting: RHB Mike Ingram 0-0: Called Strike
0-1: Foul Ball, location: 2F
0-2: Foul Ball, location: 2F
0-2: Ground out 1-3 (Groundball, 13S)
Top of the 5th over - 0 run(s), 0 hit(s), 0 error(s), 0 left on base; West Virginia 1 - New Hampshire 2
BOTTOM OF THE 5TH
New Hampshire Fisher Cats batting - Pitching for West Virginia Power : RHP Anthony Jackson
Batting: RHB Tim Robertson 0-0: Ball
1-0: Ball
2-0: Ball
3-0: Called Strike
3-1: Swinging Strike
3-2: Foul Ball, location: 2F
3-2: Strikes out swinging
Batting: LHB Wilson Torres 0-0: Ball
1-0: DOUBLE (Line Drive, 3L)
Batting: LHB Cam Flowers 0-0: Ball
1-0: Swinging Strike
1-1: Ball
2-1: Ball
3-1: Base on Balls
Batting: RHB Felipe Rivas 0-0: Ball
1-0: Ball
2-0: Called Strike
2-1: Swinging Strike
2-2: Grounds out, U3 (Groundball, 3L)
Wilson Torres to third
Batting: RHB Benjamin Lawson 0-0: Called Strike
0-1: Ball
1-1: Swinging Strike
1-2: Ball
2-2: Ball
3-2: Foul Ball, location: 2F
3-2: Base on Balls
Batting: LHB Héctor Rentería 0-0: Ball
1-0: Ball
2-0: Ball
3-0: Base on Balls
Wilson Torres scores
Cam Flowers to third
Benjamin Lawson to second
Batting: LHB Tony Rivera 0-0: Called Strike
0-1: Ball
1-1: Ball
2-1: Called Strike
2-2: Strikes out looking
Bottom of the 5th over - 1 run(s), 1 hit(s), 0 error(s), 3 left on base; West Virginia 1 - New Hampshire 3
TOP OF THE 6TH
West Virginia Power batting - Pitching for New Hampshire Fisher Cats : RHP Alfredo Montalvo
Batting: LHB Júlio Martínez 0-0: Ball
1-0: Ball
2-0: Ground out 6-3 (Groundball, 6)
Batting: LHB Héctor Cruz 0-0: Ball
1-0: Foul Ball, location: 2F
1-1: SINGLE (Line Drive, 4M)
Batting: RHB Ben Dougherty 0-0: Ball
1-0: Ball
2-0: Called Strike
2-1: Ball
3-1: Fly out, F7 (Flyball, 78XD)
Batting: RHB Dave McGrath 0-0: Called Strike
0-1: Ball
1-1: Ball
2-1: Fly out, F8 (Flyball, 89M)
Top of the 6th over - 0 run(s), 1 hit(s), 0 error(s), 1 left on base; West Virginia 1 - New Hampshire 3
BOTTOM OF THE 6TH
New Hampshire Fisher Cats batting - Pitching for West Virginia Power : RHP Anthony Jackson
Pitching: RHP Germán Hernández
Batting: RHB Darwin Crane 0-0: Ball
1-0: Foul Ball, location: 2F
1-1: Ball
2-1: Ball
3-1: Called Strike
3-2: Base on Balls
Batting: RHB Franklin Lawrence 0-0: Called Strike
0-1: Ball
1-1: Fly out, F9 (Flyball, 9LM)
Batting: RHB Tim Robertson 0-0: Foul Ball, location: 2F
0-1: SINGLE (Line Drive, 6D)
Darwin Crane to second
Batting: LHB Wilson Torres 0-0: Called Strike
0-1: Ball
1-1: Called Strike
1-2: Foul Ball, location: 2F
1-2: Ball
2-2: Foul Ball, location: 2F
2-2: Strikes out swinging
Batting: LHB Cam Flowers 0-0: DOUBLE (Line Drive, 9LS)
Darwin Crane scores
Tim Robertson to third
Batting: RHB Felipe Rivas 0-0: Ground out 4-3 (Groundball, 4)
Bottom of the 6th over - 1 run(s), 2 hit(s), 0 error(s), 2 left on base; West Virginia 1 - New Hampshire 4
TOP OF THE 7TH
West Virginia Power batting - Pitching for New Hampshire Fisher Cats : RHP Alfredo Montalvo
Batting: RHB Gonzalo Gil 0-0: Fly out, F7 (Line Drive, 7M)
Batting: RHB Jesse McKnight 0-0: Called Strike
0-1: Fly out, F8 (Flyball, 8LM)
Batting: RHB Tony Parker 0-0: Ball
1-0: Called Strike
1-1: Foul Ball, location: 2F
1-2: Strikes out swinging
Top of the 7th over - 0 run(s), 0 hit(s), 0 error(s), 0 left on base; West Virginia 1 - New Hampshire 4
BOTTOM OF THE 7TH
New Hampshire Fisher Cats batting - Pitching for West Virginia Power : RHP Germán Hernández
Batting: RHB Benjamin Lawson 0-0: Swinging Strike
0-1: Ball
1-1: Called Strike
1-2: Foul Ball, location: 2F
1-2: Ball
2-2: Foul Ball, location: 2F
2-2: Foul Ball, location: 2F
2-2: Ball
3-2: Foul Ball, location: 2F
3-2: Foul Ball, location: 2F
3-2: Base on Balls
Batting: LHB Héctor Rentería 0-0: Ball
1-0: Called Strike
1-1: Called Strike
1-2: Strikes out swinging
Batting: LHB Tony Rivera 0-0: Ball
1-0: Foul Ball, location: 2F
1-1: Ball
2-1: Foul Ball, location: 2F
2-2: Foul Ball, location: 2F
2-2: Ball
3-2: Ground out 4-3 (Groundball, 4M)
Benjamin Lawson to second
Batting: RHB Darwin Crane 0-0: Called Strike
0-1: Fly out, F9 (Flyball, 89M)
Bottom of the 7th over - 0 run(s), 0 hit(s), 0 error(s), 1 left on base; West Virginia 1 - New Hampshire 4
TOP OF THE 8TH
West Virginia Power batting - Pitching for New Hampshire Fisher Cats : RHP Alfredo Montalvo
Now at SS: Santiago Vallés
Batting: LHB Lúcio Anaya 0-0: Called Strike
0-1: Bunt missed!
0-2: SINGLE (Line Drive, 9S)
Pitching: RHP Troy Bannon
Batting: RHB Mike Ingram 0-0: Ball
1-0: Called Strike
1-1: Fly out, F4 (Line Drive, 4)
Pitching: RHP Paul Ewing
Batting: LHB Júlio Martínez 0-0: Ball
1-0: SINGLE (Groundball, 4MD)
Lúcio Anaya to second
Batting: LHB Héctor Cruz 0-0: Ball
1-0: Called Strike
1-1: Ball
2-1: Ball
3-1: Called Strike
3-2: Base on Balls
Lúcio Anaya to third
Júlio Martínez to second
Batting: RHB Ben Dougherty 0-0: Ball
1-0: Ball
2-0: Foul Ball, location: 2F
2-1: Called Strike
2-2: Ball
3-2: Strikes out looking
Batting: RHB Dave McGrath 0-0: Ball
1-0: Called Strike
1-1: Ball
2-1: SINGLE (Line Drive, 56D)
Lúcio Anaya scores
Júlio Martínez to third
Héctor Cruz to second
Runner from 3rd tries for Home, SAFE, no throw or cutoff
Pinch Hitting: SHB Waylon Adams 0-0: Called Strike
0-1: Called Strike
0-2: Strikes out swinging
Top of the 8th over - 2 run(s), 3 hit(s), 0 error(s), 2 left on base; West Virginia 3 - New Hampshire 4
BOTTOM OF THE 8TH
New Hampshire Fisher Cats batting - Pitching for West Virginia Power : RHP Germán Hernández
Pitching: RHP Brad Flores
Now at SS: Aaron Murray
Batting: RHB Franklin Lawrence 0-0: Ball
1-0: Called Strike
1-1: Foul Ball, location: 2F
1-2: Ball
2-2: Reached on error, E6 (Groundball, 6)
Batting: RHB Tim Robertson 0-0: Ball
1-0: Called Strike
1-1: Ball
2-1: DOUBLE (Groundball, 3L)
Franklin Lawrence to third
Runner from 3rd tries for Home, SAFE, no throw or cutoff
Pitching: LHP John Helms
Batting: LHB Wilson Torres 0-0: Called Strike
0-1: Foul Ball, location: 2F
0-2: Strikes out swinging
Pitching: LHP Edmond Summers
Batting: LHB Cam Flowers 0-0: Called Strike
0-1: Fly out, F8 (Flyball, 8LM)
Batting: RHB Felipe Rivas 0-0: Ball
Wild Pitch!
Tim Robertson to third
1-0: Ball
2-0: Ball
3-0: Called Strike
3-1: Fly out, F6 (Popup, 6D)
Bottom of the 8th over - 1 run(s), 1 hit(s), 1 error(s), 1 left on base; West Virginia 3 - New Hampshire 5
TOP OF THE 9TH
West Virginia Power batting - Pitching for New Hampshire Fisher Cats : RHP Paul Ewing
Pitching: RHP Alberto Márquez
Now at 2B: Steve Garneys
Now in LF: Si-xun Li
Batting: RHB Jesse McKnight 0-0: Called Strike
0-1: SINGLE (Groundball, 6MD)
Pinch Hitting: RHB Will Lott 0-0: Foul Ball, location: 2F
0-1: Ball
Wild Pitch!
Jesse McKnight to second
1-1: Ball
2-1: Called Strike
2-2: Strikes out swinging
Batting: LHB Lúcio Anaya 0-0: Foul Ball, location: 2F
0-1: Ball
1-1: Swinging Strike
1-2: Ball
2-2: Strikes out swinging
Pinch Hitting: LHB Héctor Soto 0-0: Called Strike
0-1: Ball
1-1: Swinging Strike
1-2: Foul Ball, location: 2F
1-2: Strikes out swinging
Top of the 9th over - 0 run(s), 1 hit(s), 0 error(s), 1 left on base; West Virginia 3 - New Hampshire 5
This league is powered by Out of the Park Baseball, the baseball management simulation game for PC, Mac and Linux
Tuesday, August 2nd, 2016 - OOTP Baseball 16.8 Build 38